 Dungeon Crawl Stone Soup version 0.27.1-2-g3b301248ec (webtiles) character file.

Game seed: 2030915547734268577

11 Metae the Shield-Bearer (level 2, -2/19 HPs)
             Began as a Gargoyle Fighter on Sept 24, 2021.
             Frozen to death by an endoplasm (4 damage)
             ... on level 1 of the Dungeon.
             The game lasted 00:00:56 (284 turns).

Metae the Shield-Bearer (Gargoyle Fighter)           Turns: 284, Time: 00:00:56

Health: -2/19      AC:  9    Str: 19    XL:     2   Next: 29%
Magic:  2/2        EV:  7    Int:  8    God:
Gold:   0          SH:  9    Dex:  9    Spells: 1/1 levels left

rFire    . . .     SeeInvis .   a - +0 flail
rCold    . . .     Faith    .   c - +0 kite shield
rNeg     + . .     Spirit   .   b - +0 scale mail
rPois    ∞         Reflect  .   (no helmet)
rElec    +         Harm     .   (no cloak)
rCorr    .         Rampage  .   (no gloves)
Will     .....                  (no boots)
Stlth    ..........             (no amulet)
HPRegen  0.06/turn              (no ring)
MPRegen  0.08/turn              (no ring)

@: no status effects
A: sickness immunity, AC +2, negative energy resistance 1, electricity
resistance, torment resistance 1, petrification resistance
a: no special abilities


You were on level 1 of the Dungeon.
You visited 1 branch of the dungeon, and saw 1 of its levels.

Inventory:

Hand Weapons
 a - a +0 flail (weapon)
Armour
 b - a +0 scale mail (worn)
 c - a +0 kite shield (worn)
Scrolls
 e - a scroll of identify {unknown}
Potions
 d - a potion of might
 f - a potion of haste {unknown}


   Skills:
 + Level 3.4 Fighting
 + Level 2.2 Maces & Flails
 + Level 3.5 Armour
 + Level 3.5 Shields


You had one spell level left.
You didn't know any spells.
Your spell library was empty.

Dungeon Overview and Level Annotations

Branches:
Dungeon (1/15)

Altars:

Shops:
D:1 (


Innate Abilities, Weirdness & Mutations

You are immune to sickness and miasma.
Your stone body is resilient. (AC +2)
You are immune to poison.
You resist negative energy. (rN+)
You are resistant to electric shocks. (rElec)
You are resistant to unholy torment.
You are immune to petrification.


Message History

You closely miss the frilled lizard.
The frilled lizard is heavily wounded.
The frilled lizard closely misses you. The rat bites you but does no damage.
The goblin hits you with a +0 club. You block the frilled lizard's attack.
You sock the frilled lizard!
You kill the frilled lizard!
You block the rat's attack. The goblin hits you but does no damage.
The rat bites you but does no damage. The goblin barely misses you.
The rat bites you but does no damage.
You closely miss the rat. The goblin hits you but does no damage.
You block the rat's attack.
You barely miss the rat. You block the goblin's attack.
The rat bites you but does no damage. The goblin barely misses you.
You block the rat's attack.
You closely miss the rat. The goblin hits you with a +0 club.
* * * LOW HITPOINT WARNING * * *
The rat bites you but does no damage.
You hit the rat.
You kill the rat!
The goblin hits you but does no damage. The goblin hits you with a +0 club.
* * * LOW HITPOINT WARNING * * *
An endoplasm comes into view.
The endoplasm quivers.
The goblin closely misses you. You block the goblin's attack.
You thump the goblin!
You kill the goblin!
Things that are here:
a +0 club; a goblin corpse You block the endoplasm's attack.
You hit the endoplasm.
The endoplasm is heavily wounded.
The endoplasm freezes you.
You are frozen.
* * * LOW HITPOINT WARNING * * *
You hit the endoplasm but do no damage.
The endoplasm is heavily wounded.
The endoplasm freezes you.
You are frozen.
You die...

#.........
#.........
#######.....$...
................
.............##
.......).....#
######.......# ..
#..J....######## #.#
#..@...........# #..
#..............# #.
#..............####.
#...................
#.##'###............
#.#....#............
#.).................
########.......#####
###.#........


You could see an endoplasm.

Vanquished Creatures
  A bat (D:1)
  3 goblins (D:1)
  A hobgoblin (D:1)
  A quokka (D:1)
  2 frilled lizards (D:1)
  A kobold (D:1)
  2 rats (D:1)
11 creatures vanquished.

Notes
Turn   | Place    | Note
-------+----------+-------------------------------------------
     0 | D:1      | Metae the Gargoyle Fighter began the quest for the Orb.
     0 | D:1      | Reached XP level 1. HP: 14/14 MP: 1/1
     6 | D:1      | Noticed a hog
     6 | D:1      | Noticed a salamander
     6 | D:1      | Noticed a swamp drake
     7 | D:1      | Noticed a black bear
    25 | D:1      | Found Piuts's Weapon Shop.
   127 | D:1      | Reached XP level 2. HP: 15/19 MP: 2/2
   284 | D:1      | Frozen to death by an endoplasm

Illustrated notes

Levels and vault maps discovered:
D:1:      onia_arrival_zoo_common, layout_basic, serial_shops,
          nicolae_square_shop, minmay_pentomino_r2

Action                   || total
-------------------------++-------
Melee: Flail             ||    39
Armor: Scale mail        ||    32
Dodge: Dodged            ||    15
Block: Kite shield       ||    20
